 Dungeon Crawl Stone Soup version 0.21.1-1-g345015fe64 (webtiles) character file.

962 Fuxmar the Gusty (level 8, -1/55 HPs)
             Began as a Human Air Elementalist on Mar 21, 2018.
             Was an Initiate of Qazlal.
             Shot with an arrow by a centaur (12 damage)
             ... on level 6 of the Dungeon.
             The game lasted 00:29:42 (7055 turns).

Fuxmar the Gusty (Human Air Elementalist)           Turns: 7055, Time: 00:29:42

Health: -1/55      AC:  7    Str: 10    XL:     8   Next: 37%
Magic:  12/15      EV: 13    Int: 16    God:    Qazlal [......]
Gold:   209        SH:  0    Dex: 14    Spells: 12/17 levels left

rFire    . . .     SeeInvis .   q - +0 dagger (venom)
rCold    . . .     Gourm    .   (no shield)
rNeg     . . .     Faith    .   a - +0 robe
rPois    .         Spirit   .   p - +2 helmet
rElec    .         Reflect  .   z - +1 cloak
rCorr    .         Harm     .   (no gloves)
MR       .....                  (no boots)
Stlth    ++........             (no amulet)
HPRegen  0.18/turn              (no ring)
MPRegen  0.14/turn              (no ring)

@: no status effects
A: no striking features
a: Renounce Religion


You were on level 6 of the Dungeon.
You worshipped Qazlal.
Qazlal was noncommittal.
You were not hungry.

You visited 2 branches of the dungeon, and saw 7 of its levels.

You collected 209 gold pieces.

Inventory:

Hand Weapons
 q - a +0 dagger of venom (weapon)
Missiles
 e - 140 stones (quivered)
Armour
 a - a +0 robe (worn)
 p - a +2 helmet (worn)
 z - a +1 cloak (worn)
 B - the cursed +0 leather armour of Subjectivity {rPois, unknown}
   (You found it on level 6 of the Dungeon)

   It protects you from poison.
   It has a curse placed upon it.
 C - the cursed +0 robe of Yvvis {rPois rF- Str+3, unknown}
   (You found it on level 6 of the Dungeon)

   It affects your strength (+3).
   It makes you vulnerable to fire.
   It protects you from poison.
   It has a curse placed upon it.
Wands
 u - a wand of polymorph (2)
 x - a wand of flame (55)
Scrolls
 g - 6 scrolls of remove curse {unknown}
 h - 3 scrolls of magic mapping {unknown}
 i - 2 scrolls of teleportation {unknown}
 j - a scroll of immolation {unknown}
 l - 4 scrolls of identify {unknown}
 m - a scroll of enchant armour {unknown}
 o - 2 scrolls of random uselessness {unknown}
 r - a scroll of blinking {unknown}
 s - a scroll of fog {unknown}
 w - 2 scrolls of fear {unknown}
 y - a scroll of amnesia {unknown}
Potions
 d - a potion of lignification {unknown}
 f - 2 potions of heal wounds {unknown}
 k - 2 potions of resistance {unknown}
 n - 2 potions of curing
 t - a potion of berserk rage {unknown}
 v - a potion of might {unknown}
 A - a potion of degeneration {unknown}
Books
 b - a book of Air

   Spells                             Type                      Level
   a - Shock                          Conjuration/Air              1
   b - Swiftness                      Charms/Air                   2
   c - Static Discharge               Conjuration/Air              3
   d - Airstrike                      Air                          4
   e - Lightning Bolt                 Conjuration/Air              5
Comestibles
 c - 12 rations


   Skills:
 + Level 1.7 Fighting
 + Level 0.3 Throwing
 + Level 3.0 Dodging
 + Level 2.7 Stealth
 + Level 5.0 Spellcasting
 + Level 4.3 Conjurations
 + Level 5.5 Air Magic
 + Level 0.7 Evocations


You had 12 spell levels left.
You knew the following spells:

 Your Spells              Type           Power        Failure   Level  Hunger
a - Shock                 Conj/Air       ###.         1%          1    None
b - Airstrike             Air            ###.......   16%         4    ####...


Dungeon Overview and Level Annotations

Branches:
Dungeon (6/15)             Temple (1/1) D:4

Altars:
Ashenzari
Cheibriados
Dithmenos
Elyvilon
Fedhas
Gozag
Kikubaaqudgha
Nemelex Xobeh
Okawaru
Qazlal
Ru
Sif Muna
Trog
Uskayaw
Vehumet
Xom
Yredelemnul
Zin
The Shining One


Message History

Confirm with . or Enter, or press ? or * to list all spells.
Aiming: Shock
Press: ? - help, Shift-Dir - straight line The zap hits the centaur.
The centaur is moderately wounded.
The zap misses the centaur.
The centaur shoots an arrow.
The arrow hits you!
* * * LOW HITPOINT WARNING * * *
Casting: Shock
Confirm with . or Enter, or press ? or * to list all spells.
Aiming: Shock
Press: ? - help, Shift-Dir - straight line The zap misses the centaur.
The zap hits the centaur.
The centaur appears unharmed.
The centaur is moderately wounded.
The centaur shoots an arrow.
The arrow hits you but does no damage.
The centaur shoots an arrow.
The arrow hits you!
* * * LOW HITPOINT WARNING * * *
It was a potion of curing.
You feel better.
The centaur shoots an arrow.
The arrow hits you!
You die...

...### .. ..# ####.##
..##..###.. ...#.....
...#..# ## ......# ..#.#
...#..############......
...#............@'......
..##.######.######...c##
####.# ##.## ...# .....#
#...# .## ##<#.#####...#
# ####.........####
................#
................#
###.............#


You could see a centaur.

Vanquished Creatures
  Menkaure (D:5)
  The ghost of Fuxmar the Ducker, an amateur OpFi (D:3)
  A phantom (D:5)
  An ogre (D:5)
  A bullfrog (D:6)
  A howler monkey (D:4)
  A bullfrog zombie (D:6)
  A centaur skeleton (D:4)
  Crazy Yiuf (D:4)
  Jessica (D:3)
  Terence (D:3)
  3 worker ants
  A hound skeleton (D:5)
  2 worker ant zombies (D:5)
  7 adders
  An adder skeleton (D:4)
  5 worms
  5 leopard geckos
  3 orcs
  3 ball pythons
  3 bats
  23 giant cockroaches
  10 goblins
  5 hobgoblins
  11 jackals
  2 quokkas
  5 frilled lizards
  A jackal zombie (D:5)
  11 kobolds
  A quokka skeleton (D:4)
  11 rats
124 creatures vanquished.

Notes
Turn   | Place    | Note
-------+----------+-------------------------------------------
     0 | D:1      | Fuxmar the Human Air Elementalist began the quest for the Orb.
     0 | D:1      | Reached XP level 1. HP: 13/13 MP: 3/3
   379 | D:1      | Reached XP level 2. HP: 13/19 MP: 0/5
  1188 | D:1      | Reached XP level 3. HP: 24/24 MP: 2/6
  1700 | D:2      | Reached XP level 4. HP: 30/30 MP: 2/7
  1748 | D:2      | Learned a level 4 spell: Airstrike
  2754 | D:2      | Found a sacrificial altar of Ru.
  2983 | D:3      | Reached XP level 5. HP: 35/35 MP: 4/9
  3047 | D:3      | Noticed Terence
  3061 | D:3      | Killed Terence
  3177 | D:3      | Found a shadowy altar of Dithmenos.
  3560 | D:3      | Noticed Jessica
  3570 | D:3      | Killed Jessica
  3616 | D:3      | Reached XP level 6. HP: 42/42 MP: 5/10
  3688 | D:3      | Found a glowing golden altar of the Shining One.
  3708 | D:3      | Reached skill level 1 in Fighting
  3933 | D:3      | Noticed Fuxmar's ghost (amateur OpFi)
  3968 | D:3      | Killed Fuxmar's ghost
  4339 | D:4      | Found a staircase to the Ecumenical Temple.
  4352 | D:4      | Found a radiant altar of Vehumet.
  4509 | D:4      | Reached XP level 7. HP: 45/48 MP: 5/12
  4965 | D:4      | Found a runed door.
  5057 | D:4      | Found a white marble altar of Elyvilon.
  5247 | D:4      | Found a glowing golden altar of the Shining One.
  5351 | D:4      | Noticed Crazy Yiuf
  5359 | D:4      | Killed Crazy Yiuf
  5506 | Temple   | Entered the Ecumenical Temple
  5587 | Temple   | Became a worshipper of Qazlal Stormbringer
  5644 | D:5      | Entered Level 5 of the Dungeon
  5720 | D:5      | Found an ancient bone altar of Kikubaaqudgha.
  5729 | D:5      | Found a bloodstained altar of Trog.
  5771 | D:5      | Reached skill level 5 in Air Magic
  6320 | D:5      | Found a shimmering altar of Xom.
  6445 | D:5      | Noticed Menkaure
  6453 | D:5      | Killed Menkaure
  6453 | D:5      | Reached XP level 8. HP: 29/55 MP: 13/15
  6826 | D:6      | Found a blossoming altar of Fedhas.
  6905 | D:6      | Reached skill level 5 in Spellcasting
  6911 | D:6      | Got an amber-encrusted leather armour
  6915 | D:6      | Got an ichor-stained robe
  7054 | D:6      | HP: 2/55 [centaur/arrow (8)]
  7055 | D:6      | Shot with an arrow by a centaur

Skill      XL: |  1  2  3  4  5  6  7  8 |
---------------+-------------------------+-----
Conjurations   | 2 3 4 |  4.3
Spellcasting   | 3 4 5 |  5.0
Air Magic      | 4 5 |  5.5
Fighting       | 1 |  1.7
Dodging        | 3 |  3.0
Throwing       | |  0.3
Stealth        | |  2.7
Evocations     | |  0.7

Action                   |  1- 3 |  4- 6 |  7- 9 || total
-------------------------+-------+-------+-------++-------
Melee: Unarmed           |    10 |       |       ||    10
       Dagger            |    20 |    78 |    74 ||   172
Throw: Stone             |    11 |    16 |       ||    27
 Cast: Shock             |    66 |   135 |    92 ||   293
Evoke: Wand              |       |       |     9 ||     9
  Use: Potion            |       |       |     1 ||     1
 Stab: Sleeping          |       |       |     1 ||     1
  Eat: Chunk             |     3 |     6 |     6 ||    15
       Ration            |       |     1 |     1 ||     2
Armor: Robe              |     2 |    15 |    21 ||    38
       Skin              |       |     3 |       ||     3
Dodge: Dodged            |    22 |    56 |    60 ||   138
